 Dungeon Crawl Stone Soup version 0.23-a0-303-gfcac5de (webtiles) character file.

83102 MisterFreud the Sharpshooter (level 16, -1/104 HPs)
             Began as a Kobold Berserker on Oct 7, 2018.
             Was a High Priest of Trog.
             Slain by a two-headed ogre
             ... wielding a +0 great mace
              (16 damage)
             ... on level 14 of the Dungeon on Oct 8, 2018.
             The game lasted 02:04:51 (28622 turns).

MisterFreud the Sharpshooter (Kobold Berserker)    Turns: 28622, Time: 02:04:52

Health: -1/104     AC: 13    Str: 19    XL:     16   Next: 23%
Magic:  23/23      EV: 27    Int:  9    God:    Trog [*****.]
Gold:   997        SH:  5    Dex: 18    Spells: 15/15 levels left

rFire    . . .     SeeInvis +   a - +6 short sword of Defence by Offence {pierce, +Rage Str+2}
rCold    + . .     Gourm    .   (shield restricted)
rNeg     . . .     Faith    .   U - +2 robe {rC+}
rPois    .         Spirit   .   q - +1 helmet
rElec    .         Reflect  +   y - scarf {repulsion}
rCorr    .         Harm     .   (no gloves)
MR       +....                  I - +1 pair of boots
Stlth    +++++.....             D - +5 amulet of reflection
HPRegen  0.27/turn              H - ring of see invisible
MPRegen  0.18/turn              j - +5 ring of protection

@: very slightly contaminated, hasted, repel missiles, very quick
A: small, carnivore
a: Berserk, Trog's Hand, Brothers in Arms, Renounce Religion, Evoke Berserk Rage


You were on level 14 of the Dungeon.
You worshipped Trog.
Trog was extremely pleased with you.
You were full.

You visited 2 branches of the dungeon, and saw 21 of its levels.
You also visited: Ossuary.

You collected 1267 gold pieces.
You spent 270 gold pieces at shops.

Inventory:

Hand Weapons
 a - the +6 short sword of Defence by Offence (weapon) {pierce, +Rage Str+2}
   (You took it off an orc wizard on level 9 of the Dungeon)

   It inflicts extra damage upon your enemies.
   It affects your strength (+2).
   It lets you go berserk.
 b - a +4 arbalest of velocity
Missiles
 d - 180 bolts
 T - 3 throwing nets (quivered)
Armour
 q - a +1 helmet (worn)
 y - a scarf of repulsion (worn)
 I - a +1 pair of boots (worn)
 U - a +2 robe of cold resistance (worn)
Jewellery
 i - an uncursed ring of protection from fire
 j - a +5 ring of protection (right hand)
 p - a +3 ring of intelligence
 s - an uncursed ring of resist corrosion
 w - the ring "Piegun" {MP+9 Str+4 Int+4 Slay+3}
   (You found it on level 6 of the Lair of Beasts)

   [ring of strength]

   It affects your strength (+4).
   It affects your intelligence (+4).
   It affects your accuracy and damage with ranged weapons and melee attacks
   (+3).
   It affects your magic capacity (+9).
 x - an uncursed ring of poison resistance
 D - a +5 amulet of reflection (around neck)
 H - a ring of see invisible (left hand)
 K - an uncursed ring of stealth
 Q - an uncursed ring of positive energy
Wands
 g - a wand of scattershot (14)
 k - a wand of polymorph (4)
 L - a wand of flame (43)
 M - a wand of random effects (50)
 P - a wand of digging (13)
 X - a wand of acid (1)
 Y - a wand of iceblast (10)
Scrolls
 h - 6 scrolls of enchant weapon
 u - a scroll of fog
 B - 6 scrolls of magic mapping
 G - a scroll of enchant armour
 N - 3 scrolls of teleportation
 R - a scroll of fear
 W - 13 scrolls of remove curse
 Z - a scroll of summoning
Potions
 e - 4 potions of brilliance
 l - 6 potions of mutation
 m - 7 potions of magic
 n - 14 potions of curing
 o - 4 potions of berserk rage
 r - 4 potions of lignification
 v - a potion of resistance {unknown}
 z - 3 potions of agility
 A - a potion of heal wounds
 E - a potion of haste
 F - 2 potions of ambrosia
 J - 2 potions of cancellation
 O - 5 potions of flight
 V - 4 potions of might
Miscellaneous
 t - a phial of floods
Comestibles
 c - 49 rations


   Skills:
 + Level 13.5 Fighting
 - Level 14.0 Short Blades
 + Level 17.6 Crossbows
 - Level 1.5 Armour
 - Level 14.0 Dodging
 - Level 10.0 Stealth
 - Level 10.2 Evocations


You had 15 spell levels left.
You didn't know any spells.
Your spell library was empty.

Dungeon Overview and Level Annotations

Branches:
Dungeon (15/15) Temple (0/1) D:4 Lair (6/6) D:11 Shoals (0/4) Lair:2 Snake (0/4) Lair:4 Slime (0/5) Lair:5 Orc (0/2) D:11 Vaults (0/5) D:13 D:14 Depths: D:15

Altars:
Ashenzari
Cheibriados
Elyvilon
Fedhas
Gozag
Kikubaaqudgha
Nemelex Xobeh
Ru
Sif Muna
Uskayaw
Vehumet
Wu Jian
Xom
Zin
Beogh
Jiyva

Shops:
D:5 :   D:6 !   D:9 *=   D:10 %   D:11 !

Annotations:
D:3 1 runed door, michailiordanis's ghost, amateur GrGl
D:7 3 runed doors, TheNamelessOne's ghost, novice HaFi
D:12 1 runed door
Lair:1 3 runed doors, Uffexzam's ghost, journeyman DEFE
Lair:3 exclusion: door


Innate Abilities, Weirdness & Mutations

You are small and have problems with some larger weapons.
You are carnivorous and can eat meat at any time.


Message History

Press: ? - help, Dir - move target cursor You are very lightly contaminated with residual magic.
As you read the scroll of blinking, it crumbles to dust.
You feel much better.
You feel yourself speed up.
The two-headed ogre hits you with a great mace.
The two-headed ogre misses you.
There is a stone staircase leading up here.
The two-headed ogre hits you with a great mace!!
* * * LOW HITPOINT WARNING * * *
The two-headed ogre barely misses you.
You climb upwards.
There is a stone staircase leading down here.
Okay, then.
As you read the scroll of fear, it crumbles to dust.
You assume a fearsome visage.
The two-headed ogre resists with some effort.
The two-headed ogre closely misses you.
The two-headed ogre hits you with a giant club!
You die...

...# #.......# ...###.......#
.............# ###########
.............# #......#..#
..........######.####.#..#
...........#(....#<.#.#..#######
...###.###.#.....#.............#
.....#.#...#....O#....########.##
...###.#.#.'....@#..............#
...#.....#......#################
##.#.#.###..............#
##...............######.#
...#.#.###.#.....# #.#
...#.?...#.#.....# #.#
...###.#.#.#.....# #.#
.....#.#...##.##.# #.#
...###.###.......######.#


You could see a two-headed ogre.

Vanquished Creatures
  Rupert (Lair:5)
  Nessos (D:14)
  6 hydras
  6 centaur warriors
  4 catoblepae
  A tengu warrior (D:14)
  13 death yaks
  7 two-headed ogres
  11 skeletal warriors
  A fire crab (Lair:3)
  7 unseen horrors
  An orc knight (D:14)
  2 wolf spider zombies
  4 ugly things
  A deep elf mage (D:13)
  A wolf spider (Lair:2)
  3 cyclopes (D:12)
  3 manticores
  4 black mambas
  2 centaur zombies (D:12)
  5 spiny frogs
  2 gargoyles
  A torpor snail (Lair:6)
  A kobold demonologist (D:14)
  7 komodo dragons
  9 trolls
  5 hornets
  2 polar bears
  12 blink frogs
  7 dream sheep
  9 hippogriffs
  19 slime creatures
  A shadow (D:14)
  16 humans
  3 wyverns
  2 basilisks
  2 wraiths
  2 steam dragons
  36 yaks
  Menkaure (D:5)
  A soldier ant (D:14)
  2 nagas (Lair:4)
  13 water moccasins
  Duvessa (D:7)
  An acid dragon (D:14)
  10 porcupines
  22 orc warriors
  3 phantoms
  2 ice beasts
  A black bear (D:7)
  3 sky beasts
  An eye of draining (D:9)
  A hornet zombie (D:14)
  5 wolves (Lair:4)
  2 necrophages
  7 ogres
  10 centaurs
  10 crocodiles
  3 big kobolds
  15 bullfrogs
  2 wyvern zombies
  Dowan (D:7)
  A gnoll sergeant (D:8)
  4 wyvern skeletons
  6 scorpions
  3 killer bees
  9 wights
  2 electric eels
  5 howler monkeys
  5 crimson imps
  A quasit (D:9)
  2 bullfrog zombies
  6 hounds
  16 orc wizards
  8 orc priests
  9 jellies
  2 bullfrog skeletons
  A centaur skeleton (D:10)
  4 iguanas
  12 worker ants
  A killer bee zombie (D:6)
  A hound zombie (D:5)
  4 hound skeletons
  13 mummies
  A howler monkey zombie (D:7)
  6 gnolls
  21 adders
  3 shadow imps
  5 oozes
  An adder zombie (D:4)
  2 worms (D:3)
  2 adder skeletons (D:4)
  2 dart slugs (D:2)
  9 leopard geckos
  54 orcs
  8 giant cockroaches
  9 goblins
  12 hobgoblins
  9 jackals
  12 kobolds
  3 quokkas
  A ball python skeleton (D:2)
  6 bats
  A frilled lizard (D:3)
  2 gnoll skeletons (Ossuary)
  2 goblin skeletons (Ossuary)
  A jackal skeleton (D:8)
  4 kobold skeletons (Ossuary)
  2 leopard gecko skeletons
  6 rats
  11 rat skeletons (Ossuary)
647 creatures vanquished.

Vanquished Creatures (others)
  2 blink frogs (Lair:5)
  2 centaurs (D:13)
  21 fungi
  38 plants
63 creatures vanquished.

Grand Total: 710 creatures vanquished

Notes
Turn   | Place    | Note
-------+----------+-------------------------------------------
     0 | D:1      | MisterFreud the Kobold Berserker began the quest for the
                  | Orb.
     0 | D:1      | Reached XP level 1. HP: 14/14 MP: 1/1
    62 | D:1      | Reached skill level 1 in Stealth
    62 | D:1      | Reached XP level 2. HP: 19/19 MP: 2/2
   250 | D:1      | Reached XP level 3. HP: 18/23 MP: 3/3
   901 | D:1      | Reached skill level 5 in Short Blades
  1344 | D:2      | Found a deep blue altar of Sif Muna.
  1370 | D:2      | Reached XP level 4. HP: 26/28 MP: 4/4
  1384 | D:2      | Found a glowing silver altar of Zin.
  1385 | D:2      | Reached ** piety under Trog
  1521 | D:2      | Found a shattered altar of Ashenzari.
  1981 | D:3      | Found a runed door.
  1981 | D:3      | Noticed michailiordanis's ghost (amateur GrGl)
  2004 | D:3      | You fall through a shaft!
  2038 | D:4      | Reached XP level 5. HP: 32/32 MP: 5/5
  2213 | D:4      | Noticed an ogre
  2227 | D:4      | Found a sand-covered staircase.
  2231 | D:4      | Reached skill level 5 in Stealth
  2234 | Ossuary  | Entered an ossuary
  2413 | Ossuary  | Reached XP level 6. HP: 31/37 MP: 6/6
  3256 | D:4      | Killed an ogre
  3256 | D:4      | Reached XP level 7. HP: 41/41 MP: 7/7
  3817 | D:3      | Found a radiant altar of Vehumet.
  4206 | D:4      | Found an ornate altar of the Wu Jian Council.
  4264 | D:4      | Found a sacrificial altar of Ru.
  4290 | D:4      | Found a staircase to the Ecumenical Temple.
  4650 | D:5      | Entered Level 5 of the Dungeon
  4650 | D:5      | Noticed a water moccasin
  5029 | D:5      | Found Seul's Book Emporium.
  5152 | D:5      | Reached skill level 10 in Short Blades
  5152 | D:5      | Reached XP level 8. HP: 46/46 MP: 8/8
  5459 | D:5      | You fall through a shaft!
  5462 | D:6      | Found Lisisiet's Distillery.
  5468 | D:6      | Bought a potion of haste for 130 gold pieces
  5539 | D:5      | Noticed Menkaure
  5555 | D:5      | Killed Menkaure
  5555 | D:5      | Reached skill level 5 in Dodging
  6295 | D:6      | Found a hide-covered altar of Uskayaw.
  6436 | D:6      | Reached XP level 9. HP: 51/51 MP: 9/9
  6627 | D:6      | Reached *** piety under Trog
  7060 | D:7      | Noticed Dowan
  7061 | D:7      | Noticed Duvessa
  7115 | D:7      | Killed Duvessa
  7141 | D:7      | Killed Dowan
  7461 | D:7      | Found a runed gate.
  7513 | D:7      | Found a runed gate.
  7513 | D:7      | Found a runed gate.
  7524 | D:7      | Noticed TheNamelessOne's ghost (novice HaFi)
  7526 | D:7      | Noticed a cyclops
  8326 | D:8      | Found a shimmering altar of Xom.
  8545 | D:8      | Reached XP level 10. HP: 56/56 MP: 10/10
  8687 | D:8      | Reached skill level 10 in Stealth
  8901 | D:8      | Reached skill level 1 in Evocations
  9095 | D:9      | Reached **** piety under Trog
  9185 | D:9      | Noticed a two-headed ogre
  9220 | D:8      | Reached skill level 5 in Evocations
  9472 | D:9      | Found Gozag's Platinum Reserve.
  9486 | D:9      | Found an opulent altar of Gozag.
  9810 | D:9      | Found a snail-covered altar of Cheibriados.
  9811 | D:9      | Found a shimmering altar of Xom.
  9811 | D:9      | Found a sparkling altar of Nemelex Xobeh.
  9811 | D:9      | Found a white marble altar of Elyvilon.
  9896 | D:9      | Got a bound wooden ring
  9898 | D:9      | Identified the ring "Xenkaco" {Ice *Corrode MR++ Int+8
                  | Dex-4} (You found it on level 9 of the Dungeon)
  9903 | D:9      | Noticed a centaur warrior
  9906 | D:9      | Killed a centaur warrior
  9906 | D:9      | Reached skill level 5 in Fighting
  9924 | D:9      | Identified the Disquisition on Toxins
  9929 | D:9      | Got a tattered robe
  9940 | D:9      | Identified the +1 robe "Somudam" {rPois Dex+3 Stlth-} (You
                  | found it on level 9 of the Dungeon)
 10013 | D:9      | Reached XP level 11. HP: 64/64 MP: 17/17
 10450 | D:9      | Got a scorched short sword {pierce}
 10451 | D:9      | Identified the +6 short sword of Defence by Offence
                  | {pierce, +Rage Str+2} (You took it off an orc wizard on
                  | level 9 of the Dungeon)
 10657 | D:9      | Found Qifissi's Jewellery Shop.
 10749 | D:9      | Found a blossoming altar of Fedhas.
 10752 | D:9      | Found an ancient bone altar of Kikubaaqudgha.
 10950 | D:9      | Killed a two-headed ogre
 11003 | D:10     | Entered Level 10 of the Dungeon
 11003 | D:10     | Noticed a two-headed ogre
 11007 | D:10     | Killed a two-headed ogre
 11042 | D:10     | Noticed an unseen horror
 11053 | D:10     | Killed an unseen horror
 11153 | D:9      | Reached skill level 10 in Dodging
 11577 | D:10     | Noticed an unseen horror
 11589 | D:10     | Killed an unseen horror
 11653 | D:10     | Noticed an unseen horror
 11659 | D:10     | Killed an unseen horror
 11662 | D:10     | Noticed a two-headed ogre
 11675 | D:10     | Killed a two-headed ogre
 11827 | D:10     | Found Pextyum's Food Shop.
 11831 | D:10     | Noticed an unseen horror
 11852 | D:10     | Killed an unseen horror
 12299 | D:11     | Found a staircase to the Lair.
 12335 | D:11     | Reached XP level 12. HP: 76/76 MP: 18/18
 12426 | D:11     | Received a gift from Trog
 12572 | D:11     | Found Raase's Distillery.
 12603 | D:11     | Bought a potion of heal wounds for 70 gold pieces
 12603 | D:11     | Bought a potion of heal wounds for 70 gold pieces
 12671 | D:11     | Noticed a two-headed ogre
 12682 | D:11     | Killed a two-headed ogre
 12682 | D:11     | Reached skill level 10 in Fighting
 13167 | Lair:1   | Entered Level 1 of the Lair of Beasts
 13715 | Lair:1   | Reached skill level 10 in Evocations
 13844 | Lair:1   | Found a runed gate.
 13844 | Lair:1   | Found a runed gate.
 13845 | Lair:1   | Found a runed gate.
 13883 | Lair:1   | Noticed Uffexzam's ghost (journeyman DEFE)
 14180 | Lair:1   | Found a viscous altar of Jiyva.
 14230 | Lair:2   | Noticed a six-headed hydra
 14922 | Lair:2   | Found a staircase to the Shoals.
 15210 | Lair:2   | Killed a six-headed hydra
 15543 | Lair:3   | Noticed a catoblepas
 15806 | Lair:3   | Found a runed door.
 15914 | Lair:3   | Killed a catoblepas
 15914 | Lair:3   | Reached XP level 13. HP: 82/82 MP: 20/20
 16564 | Lair:3   | Upgraded the game from 0.23-a0-301-g9da9e51 to
                  | 0.23-a0-303-gfcac5de
 16839 | Lair:4   | Reached skill level 1 in Crossbows
 17046 | Lair:4   | Reached skill level 2 in Crossbows
 17184 | Lair:4   | Reached skill level 3 in Crossbows
 17324 | Lair:4   | Found a staircase to the Snake Pit.
 17336 | Lair:4   | Noticed a six-headed hydra
 17402 | Lair:3   | Reached skill level 4 in Crossbows
 17516 | Lair:3   | Reached skill level 5 in Crossbows
 17582 | Lair:3   | Reached skill level 6 in Crossbows
 18080 | Lair:4   | Killed a six-headed hydra
 18080 | Lair:4   | Reached skill level 7 in Crossbows
 18227 | Lair:5   | Noticed a five-headed hydra
 18659 | Lair:5   | Reached skill level 8 in Crossbows
 18951 | Lair:5   | Found a staircase to the Slime Pits.
 18973 | Lair:5   | Reached skill level 9 in Crossbows
 18977 | Lair:5   | Received a gift from Trog
 19100 | Lair:5   | Noticed Rupert
 19113 | Lair:5   | Killed Rupert
 19113 | Lair:5   | Reached skill level 10 in Crossbows
 19429 | Lair:6   | Entered Level 6 of the Lair of Beasts
 19432 | Lair:6   | Reached XP level 14. HP: 88/88 MP: 21/21
 19704 | Lair:6   | Reached skill level 11 in Crossbows
 20073 | Lair:6   | Reached skill level 12 in Crossbows
 20464 | Lair:5   | Reached skill level 13 in Crossbows
 21279 | Lair:6   | Reached skill level 14 in Crossbows
 22352 | Lair:6   | Got a transparent steel ring
 22354 | Lair:6   | Identified the ring "Piegun" {MP+9 Str+4 Int+4 Slay+3} (You
                  | found it on level 6 of the Lair of Beasts)
 22752 | D:11     | Reached skill level 15 in Crossbows
 22777 | D:11     | Found a staircase to the Orcish Mines.
 23609 | D:12     | Reached XP level 15. HP: 93/93 MP: 22/22
 24030 | D:12     | Found a runed door.
 24626 | D:13     | Reached ***** piety under Trog
 24712 | D:12     | Received a gift from Trog
 25046 | D:13     | Reached skill level 16 in Crossbows
 25223 | D:13     | Received a gift from Trog
 25519 | D:13     | Received a gift from Trog
 25992 | D:14     | Found a gate to the Vaults.
 25992 | D:14     | Noticed Nessos
 26694 | D:14     | Reached skill level 17 in Crossbows
 27394 | D:14     | Reached XP level 16. HP: 48/104 MP: 23/23
 27427 | D:14     | Killed Nessos
 27745 | D:14     | Found a roughly hewn altar of Beogh.
 28346 | D:15     | Entered Level 15 of the Dungeon
 28622 | D:14     | Slain by a two-headed ogre

Vault maps used:
D:1:      tarquinn_simple_flora_water_d
D:2:      lemuel_crystal_altar, evilmike_ruin_ashenzari, grunt_decor_clamped,
          lemuel_blue_sif_altar
D:3:      vehumet_crystals, gammafunk_ghost_grave, first_ration,
          minmay_item_behind_shaft
D:4:      kennysheep_mini_moat, marbit_many_paths, temple_hall,
          gup_ossuary_entry_pyramid, minmay_misc_feat_secret_circle
D:5:      serial_shops, shop, kennysheep_cross_bottleneck, uniq_menkaure
D:6:      lemuel_round_altar, serial_shops, shop
D:7:      gammafunk_ghost_split, uniq_duvessa
D:8:      kennysheep_little_box
D:9:      minmay_the_grid_octo_2x2, grunt_temple_overflow_growth_and_decay,
          serial_shops, nicolae_shop_crystal, nicolae_gozag_zags_fifth_avenue
D:10:     serial_shops, shop_statue
D:11:     lair_entry_dummy, orc_0_dummy, serial_shops, shop_fountains
D:12:     cheibrodos_shockbox
D:13:     grunt_ogre_cave
D:14:     david_vaults_3, minmay_misc_feat_roman, special_room, uniq_nessos
D:15:     grunt_enter_depths_magical_seal, corexii_leaking_fountain,
          lemuel_nasty_fountain
Lair:1:   gammafunk_ghost_ooze, infiniplex_staircase_pool
Lair:2:   minmay_lair_venomous_thicket, elwin_shoals_entry_rooms
Lair:3:   gammafunk_mikee_crab_dinner
Lair:4:   guppyfry_snake_entry_island, lab_entry_generic
Lair:5:   nicolae_slime_entry_slimehenge, serial_forest,
          infiniplex_forest_lined_room_, infiniplex_forest_fountain,
          infiniplex_forest_lined_3, infiniplex_forest_clump_diagonal,
          uniq_rupert
Lair:6:   evilmike_catoblepas_cave
Ossuary:  ossuary_due_small_catacomb

Skill      XL: |  1  2  3  4  5  6  7  8  9 10 11 12 13 14 15 |
---------------+----------------------------------------------+-----
Stealth        | 1 2 3 4 5 6 9 10 | 10.0
Short Blades   | 5 6 8 10 12 13 14 | 14.0
Dodging        | 7 8 12 13 14 | 14.0
Evocations     | 8 10 | 10.2
Fighting       | 6 9 10 13 | 13.5
Crossbows      | 10 15 17 | 17.6
Armour         | |  1.5

Action                   |  1- 3 |  4- 6 |  7- 9 | 10-12 | 13-15 | 16-18 || total
-------------------------+-------+-------+-------+-------+-------+-------++-------
Melee: Short sword       |   101 |   134 |   274 |   508 |  1532 |   133 ||  2682
       Dagger            |       |       |   171 |   224 |       |       ||   395
 Fire: Arbalest          |       |       |       |       |    49 |    33 ||    82
Throw: Stone             |       |       |     5 |     1 |     1 |       ||     7
Invok: Berserk           |     2 |    11 |    14 |    21 |    19 |     1 ||    68
       Trog's Hand       |       |     3 |     8 |    21 |    16 |     2 ||    50
       Brothers in Arms  |       |       |       |       |     1 |       ||     1
Evoke: Wand              |       |       |       |     4 |    24 |     5 ||    33
  Use: Scroll            |     4 |     6 |    16 |     5 |    15 |     3 ||    49
       Potion            |       |     1 |     2 |     1 |     8 |     2 ||    14
 Stab: Sleeping          |     5 |    15 |    17 |    29 |    23 |     1 ||    90
       Distracted        |       |       |     1 |     2 |     4 |       ||     7
       Invisible         |       |       |       |       |     3 |       ||     3
  Eat: Chunk             |    11 |     7 |    39 |    51 |    60 |     5 ||   173
       Ration            |       |     1 |     1 |       |       |       ||     2
Armor: Animal skin       |    11 |    13 |    16 |     3 |       |       ||    43
       Skin              |       |       |    14 |       |       |       ||    14
       Robe              |       |       |       |    37 |   112 |     8 ||   157
Dodge: Dodged            |    56 |    48 |   163 |   357 |   948 |    81 ||  1653
       Deflected         |       |       |       |       |    31 |     1 ||    32
Block: Other             |       |       |    60 |   101 |   199 |    13 ||   373
       Reflection        |       |       |       |     3 |    23 |     5 ||    31

Table legend:
 A = Non-vault XP
 B = Vault XP
 C = Vault XP percentage of total XP
 D = Non-vault monster count
 E = Vault monster count
 F = Vault count percentage of total count
                 A         B        C        D         E       F
            +---------+---------+-------+---------+---------+-------
      Total |   87879 |   30839 |  26.0 |     504 |     146 |  22.5
            +---------+---------+-------+---------+---------+-------
        D:1 |      54 |       0 |   0.0 |      24 |       0 |   0.0
        D:2 |      47 |       0 |   0.0 |      18 |       0 |   0.0
        D:3 |      36 |       0 |   0.0 |      15 |       0 |   0.0
        D:4 |     443 |      32 |   6.7 |      12 |       2 |  14.3
        D:5 |     611 |     169 |  21.7 |      11 |       1 |   8.3
        D:6 |     729 |       0 |   0.0 |      26 |       0 |   0.0
        D:7 |     947 |     230 |  19.5 |      25 |       2 |   7.4
        D:8 |    1169 |       0 |   0.0 |      25 |       0 |   0.0
        D:9 |    2181 |    2651 |  54.9 |      26 |      15 |  36.6
       D:10 |    5566 |       0 |   0.0 |      20 |       0 |   0.0
       D:11 |    3799 |       0 |   0.0 |      40 |       0 |   0.0
       D:12 |   12570 |       0 |   0.0 |      37 |       0 |   0.0
       D:13 |    9007 |    3737 |  29.3 |      59 |      12 |  16.9
       D:14 |   18889 |    5614 |  22.9 |      49 |      36 |  42.4
     Lair:1 |    3634 |       0 |   0.0 |      19 |       0 |   0.0
     Lair:2 |    1746 |    1979 |  53.1 |       8 |      13 |  61.9
     Lair:3 |    5986 |     792 |  11.7 |      14 |       1 |   6.7
     Lair:4 |    6573 |     430 |   6.1 |      29 |       6 |  17.1
     Lair:5 |    5764 |    6470 |  52.9 |      21 |       9 |  30.0
     Lair:6 |    8128 |    8493 |  51.1 |      26 |      18 |  40.9
    Ossuary |       0 |     242 | 100.0 |       0 |      31 | 100.0
            +---------+---------+-------+---------+---------+-------
